 Dungeon Crawl Stone Soup version 0.30-a0-964-gd452b5e7fa (webtiles) character file.

Game seed: 3704411106464581474

29 vishdafish the Conjurer (level 3, 30/36 HPs)
             Began as a Demonspawn Conjurer on Mar 30, 2023.
             Quit the game on level 2 of the Dungeon.
             The game lasted 00:01:21 (1406 turns).

vishdafish the Conjurer (Demonspawn Conjurer)       Turns: 1406, Time: 00:01:22

Health: 30/36      AC: 21    Str:  7    XL:     3   Next: 1%
Magic:  0/7        EV:  2    Int: 21    God:
Gold:   59         SH:  0    Dex: 11    Spells: 6/7 levels left

rFire   . . .      SeeInvis .    (no weapon)
rCold   . . .      Faith    .    (no shield)
rNeg    . . .      Spirit   .    a - melded +0 robe
rPois   +          Reflect  .    (helmet currently unavailable)
rElec   .          Rampage  .    (cloak currently unavailable)
rCorr   .          NoTele   +    (gloves currently unavailable)
Will    .....                    (boots currently unavailable)
Stlth   ++                       (no amulet)
HPRegen 0.26/turn                (no ring)
MPRegen 0.10/turn                (no ring)

@: tree-form
A: stationary, stasis, torment immunity, boosted hp, demonic guardian 1,
(weakness stinger 1)
a: no special abilities


You were on level 2 of the Dungeon.
You were a tree.
You visited 1 branch of the dungeon, and saw 2 of its levels.

You collected 59 gold pieces.

Inventory:

Armour
 a - a +0 robe (melded)
Scrolls
 c - a scroll of brand weapon {unknown}
 d - a scroll of enchant weapon {unknown}
Potions
 f - 3 potions of flight {unknown}


   Skills:
 - Level 1.7 Dodging
 - Level 1.7 Stealth
 + Level 2.7 Spellcasting
 + Level 4.5 Conjurations


You had 6 spell levels left.
You knew the following spells:

 Your Spells              Type           Power      Damage    Failure   Level
a - Magic Dart            Conj           84%        1d7       2%          1

Your spell library contained the following spells:

 Spells                   Type           Power      Damage    Failure   Level
 Searing Ray              Conj           42%        2d6       3%          2
 Dazzling Flash           Conj/Hex       24%        N/A       16%         3
 Fulminant Prism          Conj/Hex       6%         3d7       47%         4
 Iskenderun's Mystic Bla  Conj/Tloc      12%        2d5       47%         4


Dungeon Overview and Level Annotations

Branches:
Dungeon (2/15)

Altars:

Shops:
D:1 :


Innate Abilities, Weirdness & Mutations

You are a tree.
Your roots penetrate the ground, keeping you stationary.
You cannot be teleported.
You are immune to unholy pain and torment.
Your maximum health is greatly increased.
Your equipment is partially melded.
A weak demonic guardian rushes to your aid.
((You have a small tail.))


Message History

The jackal attacks as you move away! The jackal barely misses you.
The jackal bites you. Magic courses through your body.
The jackal closely misses you.
Your magical contamination has completely faded away.
The magic dart hits the jackal.
The jackal is almost dead.
The jackal bites you.
A goblin comes into view. It is wielding a +0 dagger.
The magic dart hits the jackal.
You kill the jackal!
The magic dart hits the jackal but does no damage.
The magic dart hits the jackal.
The jackal is moderately wounded.
The jackal barely misses you.
The jackal bites you but does no damage.
The magic dart hits the jackal.
You kill the jackal!
The magic dart hits the jackal but does no damage.
The jackal bites you.
You are out of magic!
You are out of magic!
Okay, then.
Okay, then.
It was a potion of lignification.
You turn into a tree.
Your +0 robe melds into your body.
Your roots penetrate the ground.
The jackal completely misses you.
The jackal bites you but does no damage.
You hit the jackal but do no damage.
The jackal bites you but does no damage.
You smack the jackal!
You kill the jackal!
The jackal bites you but does no damage.
You have reached level 3!
Your experience leads to an increase in your attributes!
Increase (S)trength, (I)ntelligence, or (D)exterity?
You feel clever. x2; Your demonic ancestry asserts itself...
You feel the presence of a demonic guardian.
You barely miss the jackal.
The jackal bites you but does no damage.
Are you sure you want to abandon this character and quit the game? (Confirm with "yes".)

#..# ##.##
#.#.# #.## #.#
#...# ######.#
#####.#
#..<...#
#.....#
#.###..#
#.##### # #..#
#.#
#..###.######
#...........#
##.###.####♣###
#.# #.#
#h#.####.. #.#
#.# #g!...>...
.# #.#
#.#.###:.# ...
.†.....
#............
##.###.##......
# #.# ....##
... ....#


You could see a jackal and a goblin.

Vanquished Creatures
  A dart slug (D:2)
  3 giant cockroaches
  2 goblins
  A hobgoblin (D:2)
  3 jackals (D:2)
  2 kobolds (D:1)
  A quokka (D:1)
  5 bats
  A frilled lizard (D:2)
  5 rats (D:1)
24 creatures vanquished.

Notes
Turn   | Place    | Note
-------+----------+-------------------------------------------
     0 | D:1      | vishdafish the Demonspawn Conjurer began the quest for the
                  | Orb.
     0 | D:1      | Reached XP level 1. HP: 13/13 MP: 3/3
     6 | D:1      | Found Heytzonoda's Book Emporium.
   452 | D:1      | Gained mutation: You have a small tail. [demonic ancestry]
   452 | D:1      | Reached XP level 2. HP: 19/19 MP: 0/5
   886 | D:1      | Found a faded altar of an unknown god.
  1405 | D:2      | Gained mutation: A weak demonic guardian rushes to your
                  | aid. [demonic ancestry]
  1405 | D:2      | Reached XP level 3. HP: 24/24 MP: 0/7
  1406 | D:2      | Quit the game

Illustrated notes

Levels and vault maps discovered:
D:1:      scummos_arrival_simple_crosswalls, layout_basic, serial_shops,
          nicolae_shop_crystal, dreamdust_ecumenical_altar_angels_and_demons,
          minmay_misc_feat_chi
D:2:      layout_loops_ring, serial_shops,
          nicolae_shop_temple_entry_statues_fountains, uniq_crazy_yiuf_cottage

Action                     || total
---------------------------++-------
  Melee: Unarmed           ||    20
   Cast: Magic Dart        ||    57
    Use: Potion            ||     2
 Armour: Robe              ||    12
         Skin              ||     4
  Dodge: Dodged            ||    29

Table legend: (Time is in decaauts)
 A = Elapsed time spent in this place.
 B = Non-inter-level travel time spent in this place.
 C = Inter-level travel time spent in this place.
 D = Time resting spent in this place.
 E = Time spent auto-exploring this place.
 F = Levels seen in this place.
 G = Mean time per level.
                   A        B        C        D        E       F      G
               +--------+--------+--------+--------+--------+-----+--------+
         Total |   1407 |   1369 |     38 |      0 |   1184 |   2 |  703.5 |
       Dungeon |   1407 |   1369 |     38 |      0 |   1184 |   2 |  703.5 |
               +--------+--------+--------+--------+--------+-----+--------+

Top non-repeatable levels by time:
     D:1: 1061 daAuts
     D:2: 346 daAuts
